[Event "ICC tourney 2092 (45 10)"]
[Site "Internet Chess Club"]
[Date "2020.10.31"]
[Round "1"]
[White "ybabji"]
[Black "wulovechess"]
[Result "1-0"]
[ICCResult "Black checkmated"]
[WhiteElo "1821"]
[BlackElo "1566"]
[Opening "Giuoco Pianissimo"]
[ECO "C55"]
[NIC "IG.01"]
[Time "11:03:34"]
[TimeControl "2700+10"]

1. e4 e5 2. Nf3 Nc6 3. Bc4 Nf6 4. d3 Bc5 5. c3 d5 6. exd5 Nxd5 7. Qe2 Nf4 8.
Bxf4 O-O 9. Be3 Bxe3 10. Qxe3 Bg4 11. O-O Qf6 12. Nbd2 Bf5 13. Ne4 Bxe4 14.
Qxe4 Rad8 15. Rfe1 Rfe8 16. Bb5 a6 17. Bxc6 bxc6 18. d4 Qe7 19. Qxe5 Qxe5
20. Rxe5 Rxe5 21. Nxe5 Rd6 22. f3 f6 23. Nc4 Re6 24. Kf2 Kf7 25. f4 Kg6 26.
g4 f5 27. g5 Kh5 28. Ne5 h6 29. g6 Kh4 30. Rg1 Kh3 31. Rg3+ Kxh2 32. Nf3+
Kh1 33. Rg1# {Black checkmated} 1-0

[Event "ICC tourney 2092 (45 10)"]
[Site "Internet Chess Club"]
[Date "2020.10.31"]
[Round "1"]
[White "javasri"]
[Black "tigertiger2019"]
[Result "1-0"]
[ICCResult "Black checkmated"]
[WhiteElo "1902"]
[BlackElo "1656"]
[Opening "Sicilian defense"]
[ECO "B20"]
[NIC "SI.48"]
[Time "11:03:44"]
[TimeControl "2700+10"]

1. e4 c5 2. c4 e5 3. d3 Nc6 4. f4 d6 5. Nf3 Nf6 6. Be2 Be7 7. O-O Qc7 8. Nc3
Bd7 9. a3 a6 10. Nd5 Nxd5 11. cxd5 Nd4 12. fxe5 Nxf3+ 13. Bxf3 dxe5 14. Bg4
Bf6 15. Be3 Rc8 16. Rc1 b6 17. b4 Qd6 18. Bxd7+ Kxd7 19. Qa4+ b5 20. Qd1
cxb4 21. Qg4+ Ke7 22. Rxc8 Rxc8 23. Qxc8 Qd8 24. Bc5+ Ke8 25. Qc6+ Qd7 26.
axb4 h6 27. Rxf6 gxf6 28. Kf2 Kd8 29. Qxd7+ Kxd7 30. Kf3 h5 31. Kg3 Kc7 32.
Kh4 Kb7 33. Kxh5 a5 34. bxa5 Ka6 35. Bb4 Kb7 36. Kh6 Kc7 37. Kg7 Kd7 38.
Kxf7 Kc7 39. Kxf6 Kd7 40. h4 Ke8 41. h5 Kd7 42. h6 Kc7 43. h7 Kb7 44. h8=Q
Kc7 45. g4 Kd7 46. g5 Kc7 47. g6 Kd7 48. g7 Kc7 49. g8=Q Kd7 50. Qgg7#
{Black checkmated}
1-0

[Event "ICC tourney 2092 (45 10)"]
[Site "Internet Chess Club"]
[Date "2020.10.31"]
[Round "1"]
[White "castle2king"]
[Black "VincentT2008"]
[Result "0-1"]
[ICCResult "White resigns"]
[WhiteElo "1552"]
[BlackElo "1809"]
[Opening "Ruy Lopez: closed, Pilnik variation"]
[ECO "C77"]
[NIC "RL.12"]
[Time "11:03:46"]
[TimeControl "2700+10"]

1. e4 e5 2. Nf3 Nc6 3. Bb5 a6 4. Ba4 Nf6 5. d3 b5 6. Bb3 Be7 7. O-O d6 8. c3
O-O 9. Re1 Na5 10. Bc2 c5 11. Nbd2 Qc7 12. Nf1 Nc6 13. Ne3 Bd7 14. a4 Rfb8
15. h3 Na5 16. b4 cxb4 17. cxb4 Nc6 18. Bd2 bxa4 19. Rxa4 Nd4 20. Ra1 Nxc2
21. Nxc2 Bb5 22. Be3 d5 23. exd5 Nxd5 24. Bd2 Bxd3 25. Rc1 e4 26. Ne3 Qd6
27. Nf5 Qf6 28. N3d4 Bxb4 29. Rc6 Qe5 30. Bxb4 Nxb4 31. Rc1 Rd8 32. Qb3 Rxd4
33. Nxd4 Qxd4 34. Red1 e3 35. fxe3 Qxe3+ 36. Kh1 a5 37. Rc7 Qe6 38. Rxd3
Nxd3 39. Qxd3 Qe1+ 40. Kh2 Qe5+ 41. Qg3 Qxg3+ 42. Kxg3 a4 43. Rc2 a3 44. Ra2
Kf8 45. Kf4 Ke7 46. Ke5 f6+ 47. Ke4 Ke6 48. g4 Ra4+ 49. Ke3 Ke5 50. Ra1 a2
51. Kf3 Ra3+ 52. Kg2 Kd4 {White resigns} 0-1

[Event "ICC tourney 2092 (45 10)"]
[Site "Internet Chess Club"]
[Date "2020.10.31"]
[Round "1"]
[White "chesslin"]
[Black "Spence9000"]
[Result "1-0"]
[ICCResult "Black checkmated"]
[WhiteElo "1884"]
[BlackElo "1634"]
[Opening "Queen's pawn, Mason variation"]
[ECO "D00"]
[NIC "QP.08"]
[Time "11:03:36"]
[TimeControl "2700+10"]

1. d4 d5 2. Bf4 Nf6 3. e3 Bf5 4. c4 e6 5. Nc3 c6 6. Qb3 Qb6 7. c5 Qxb3 8.
axb3 Nbd7 9. Nf3 Be7 10. b4 O-O 11. b5 Ne4 12. Nxe4 Bxe4 13. b4 Bf6 14. Bd6
Rfe8 15. bxc6 bxc6 16. Ba6 e5 17. Bb7 exd4 18. Bxa8 dxe3 19. Rxa7 Bc3+ 20.
Ke2 Bc2 21. Rc1 exf2+ 22. Kxf2 Nf6 23. Rxc2 Ne4+ 24. Kf1 Nxd6 25. cxd6 Bxb4
26. Bxc6 Rd8 27. d7 h6 28. Bxd5 Be7 29. Rc8 Kh7 30. Rxd8 Bxd8 31. Bxf7 Bb6
32. Rb7 Bd8 33. Rb8 Bc7 34. d8=Q Bxd8 35. Rxd8 g5 36. Bh5 g4 37. Nd4 g3 38.
hxg3 Kg7 39. Re8 Kf6 40. g4 Kg5 41. g3 Kf6 42. Re6+ Kg7 43. Nf5+ Kg8 44. Rf6
Kh7 45. Rxh6+ Kg8 46. Bg6 Kf8 47. Rh8# {Black checkmated} 1-0

[Event "ICC tourney 2092 (45 10)"]
[Site "Internet Chess Club"]
[Date "2020.10.31"]
[Round "1"]
[White "ved2006"]
[Black "gabolito1223"]
[Result "0-1"]
[ICCResult "White resigns"]
[WhiteElo "1644"]
[BlackElo "1934"]
[Opening "Queen's pawn game"]
[ECO "D04"]
[NIC "QP.08"]
[Time "11:03:37"]
[TimeControl "2700+10"]

1. d4 d5 2. Nf3 Nf6 3. e3 c5 4. c3 Nc6 5. Nbd2 Bg4 6. Be2 e6 7. b3 cxd4 8.
cxd4 Bb4 9. O-O Bc3 10. Rb1 Bf5 11. Bb5 Bxb1 12. Nxb1 Bb4 13. Ne5 Rc8 14. a3
Bd6 15. f4 O-O 16. Nd2 Qb6 17. Bd3 a5 18. Bb2 Rc7 19. Rf3 a4 20. Rh3 g6 21.
g4 Nd7 22. g5 Ndxe5 23. fxe5 Be7 24. Qg4 Kg7 25. Rh6 Nxe5 26. Rxh7+ Kxh7 27.
Qh4+ Kg8 28. Bb1 Qa5 29. b4 Bxb4 30. dxe5 Bxd2 31. Qh6 Bxe3+ 32. Kg2 Qd2+
33. Kh1 Rc1+ {White resigns} 0-1

[Event "ICC tourney 2092 (45 10)"]
[Site "Internet Chess Club"]
[Date "2020.10.31"]
[Round "1"]
[White "DanielA1926"]
[Black "poohfur"]
[Result "1-0"]
[ICCResult "Black resigns"]
[WhiteElo "1548"]
[BlackElo "1696"]
[Opening "Benoni defense"]
[ECO "A56"]
[NIC "TD.06"]
[Time "11:03:39"]
[TimeControl "2700+10"]

1. d4 Nf6 2. c4 c5 3. e3 d5 4. Nf3 e6 5. Nc3 Nc6 6. cxd5 exd5 7. Bb5 Bd6 8.
O-O a6 9. Bxc6+ bxc6 10. dxc5 Bxc5 11. Nd4 Qd6 12. Re1 O-O 13. Na4 Bb4 14.
Bd2 Bxd2 15. Qxd2 c5 16. Nb3 Ng4 17. g3 Ne5 18. Kg2 Bg4 19. Naxc5 Bf3+ 20.
Kg1 Qg6 21. Nd4 Qg4 22. Nd3 g5 23. Nxe5 Qe4 24. Nexf3 g4 25. Ng5 Qg6 26. e4
h6 27. Nf5 Qf6 28. Nxf7 Rxf7 29. Nxh6+ {Black resigns} 1-0

[Event "ICC tourney 2092 (45 10)"]
[Site "Internet Chess Club"]
[Date "2020.10.31"]
[Round "1"]
[White "LoopyLoop"]
[Black "imranchamp"]
[Result "0-1"]
[ICCResult "White checkmated"]
[WhiteElo "1601"]
[BlackElo "1827"]
[Opening "Sicilian: Nimzovich-Rossolimo attack (with ...g6, without ...d6)"]
[ECO "B31"]
[NIC "SI.31"]
[Time "11:03:38"]
[TimeControl "2700+10"]

1. e4 c5 2. Nf3 Nc6 3. Bb5 g6 4. c3 Bg7 5. d3 Nh6 6. Be3 d6 7. h3 f5 8. Qd2
Nf7 9. exf5 Bxf5 10. d4 cxd4 11. Nxd4 Bd7 12. O-O Nxd4 13. Bxd7+ Qxd7 14.
Bxd4 O-O 15. Bxg7 Kxg7 16. Qd4+ e5 17. Qd5 Qc6 18. Rd1 Qb6 19. b3 Ng5 20.
Qxd6 Qxf2+ 21. Kh1 Rad8 22. Qxe5+ Kh6 23. Rg1 Rfe8 24. Qc7 Re1 25. Na3 Qxg1#
{White checkmated}
0-1

[Event "ICC tourney 2092 (45 10)"]
[Site "Internet Chess Club"]
[Date "2020.10.31"]
[Round "1"]
[White "Natey"]
[Black "tedwpnw"]
[Result "1-0"]
[ICCResult "Black checkmated"]
[WhiteElo "1690"]
[BlackElo "943"]
[Opening "Sicilian: Pelikan, Chelyabinsk variation"]
[ECO "B33"]
[NIC "SI.37"]
[Time "11:03:36"]
[TimeControl "2700+10"]

1. e4 c5 2. Nf3 Nc6 3. d4 cxd4 4. Nxd4 Nf6 5. Nc3 e5 6. Ndb5 d6 7. Bg5 a6 8.
Na3 b5 9. Nd5 Be7 10. Bxf6 Bxf6 11. c3 O-O 12. Nc2 Bg5 13. Be2 f5 14. Nde3
Kh8 15. Qd5 Qc7 16. O-O Bb7 17. Qd3 fxe4 18. Qxe4 Nd4 19. Qd3 Nxe2+ 20. Qxe2
Rf4 21. Rad1 Raf8 22. Nb4 Re4 23. Qd3 Rxf2 24. Ned5 Rxf1+ 25. Rxf1 Rf4 26.
Nxc7 d5 27. Rxf4 Bxf4 28. Qf5 h6 29. Ne6 Be3+ 30. Kh1 d4 31. Qf8+ Kh7 32. h3
g6 33. Qg7# {Black checkmated} 1-0

[Event "ICC tourney 2092 (45 10)"]
[Site "Internet Chess Club"]
[Date "2020.10.31"]
[Round "1"]
[White "KyleZhuang"]
[Black "chessisthebest1"]
[Result "1/2-1/2"]
[ICCResult "Game drawn by repetition"]
[WhiteElo "1634"]
[BlackElo "1824"]
[Opening "Sicilian: Najdorf, Opocensky variation"]
[ECO "B92"]
[NIC "SI.11"]
[Time "11:05:07"]
[TimeControl "2700+10"]

1. e4 c5 2. Nf3 d6 3. d4 cxd4 4. Nxd4 Nf6 5. Nc3 a6 6. Be2 e5 7. Nb3 Be7 8.
Be3 Nbd7 9. O-O O-O 10. Bf3 b6 11. Nd5 Nxd5 12. exd5 f5 13. c4 Nf6 14. Re1
Re8 15. Qc2 Bd7 16. Bg5 Rc8 17. Bxf6 Bxf6 18. Be2 Qc7 19. Qd2 Qb8 20. Nc1 b5
21. cxb5 Bxb5 22. Nd3 Qb6 23. Nb4 Rc5 24. a4 Bxe2 25. Rxe2 Rb8 26. Nc6 Rb7
27. b4 Rc4 28. Qd3 Rxb4 29. Nxb4 e4 30. Qc4 Rc7 31. Qxc7 Qxc7 32. Rb1 Qb7
33. a5 Bc3 34. Rc2 Bxb4 35. Rcb2 Qxd5 36. Rxb4 Qxa5 37. Rd4 Qa2 38. Rbd1 e3
39. fxe3 Qe2 40. Rxd6 Qxe3+ 41. Kh1 a5 42. R6d5 Qb3 43. R1d3 Qb1+ 44. Rd1
Qb3 45. R1d3 Qb1+ 46. Rd1 Qb3 47. R1d3 {Game drawn by repetition} 1/2-1/2

[Event "ICC tourney 2092 (45 10)"]
[Site "Internet Chess Club"]
[Date "2020.10.31"]
[Round "1"]
[White "HarleyQueen8"]
[Black "ajedrez7"]
[Result "1/2-1/2"]
[ICCResult "Game drawn because neither player has mating material"]
[WhiteElo "1847"]
[BlackElo "1642"]
[Opening "Grünfeld: exchange variation"]
[ECO "D87"]
[NIC "GI.04"]
[Time "11:03:37"]
[TimeControl "2700+10"]

1. d4 Nf6 2. c4 g6 3. Nc3 d5 4. cxd5 Nxd5 5. e4 Nxc3 6. bxc3 Bg7 7. Be3 c5
8. Bc4 Nc6 9. Ne2 O-O 10. O-O Na5 11. Bd3 b6 12. dxc5 bxc5 13. Bxc5 Qc7 14.
Bd4 Be6 15. Rb1 Bxa2 16. Rb5 Be6 17. c4 Nc6 18. Bxg7 Kxg7 19. Qa4 Ne5 20.
Qa1 f6 21. Nf4 Bf7 22. Nd5 Bxd5 23. Rxd5 Nxd3 24. Rxd3 Qxc4 25. Rd7 Qe6 26.
Rxa7 Rxa7 27. Qxa7 Qxe4 28. h3 g5 29. Rc1 g4 30. hxg4 Rf7 31. f3 Qd5 32. Qe3
e5 33. g5 Qd4 34. gxf6+ Rxf6 35. Rc7+ Rf7 36. Qxd4 exd4 37. Rxf7+ Kxf7 38.
Kf2 Ke6 39. Ke2 Ke5 40. Kd3 h5 41. g3 Kd5 42. f4 Kc5 43. f5 Kd5 44. f6 Ke6
45. Kxd4 Kxf6 46. Ke4 Kg5 47. Kf3 h4 48. g4 h3 49. Kg3 h2 50. Kxh2 Kxg4
{Game drawn because neither player has mating material}
1/2-1/2

[Event "ICC tourney 2092 (45 10)"]
[Site "Internet Chess Club"]
[Date "2020.10.31"]
[Round "1"]
[White "AJ2000"]
[Black "wjjones88"]
[Result "1-0"]
[ICCResult "Black resigns"]
[WhiteElo "1661"]
[BlackElo "1841"]
[Opening "King's pawn opening"]
[ECO "B07"]
[NIC "VO.17"]
[Time "11:04:10"]
[TimeControl "2700+10"]

1. e4 d6 2. d4 g6 3. Nf3 Bg7 4. Bc4 c6 5. Nc3 Nd7 6. O-O Qc7 7. Be3 Nb6 8.
Bb3 a5 9. a4 Nf6 10. Re1 O-O 11. h3 h6 12. Qd2 Kh7 13. Rad1 Bd7 14. e5 Nfd5
15. Nxd5 cxd5 16. exd6 exd6 17. Ra1 f5 18. Bf4 g5 19. Bxg5 hxg5 20. Qxg5 Rf7
21. Qh5+ Kg8 22. Ng5 Be8 23. Qh7+ Kf8 24. Ne6+ {Black resigns} 1-0

[Event "ICC tourney 2092 (45 10)"]
[Site "Internet Chess Club"]
[Date "2020.10.31"]
[Round "1"]
[White "rcww2020"]
[Black "RaymondJiang1"]
[Result "1/2-1/2"]
[ICCResult "Game drawn because neither player has mating material"]
[WhiteElo "1691"]
[BlackElo "1472"]
[Opening "Giuoco Pianissimo"]
[ECO "C23"]
[NIC "IG.04"]
[Time "11:03:33"]
[TimeControl "2700+10"]

1. e4 e5 2. Bc4 Nc6 3. d3 Bc5 4. Nf3 Nf6 5. c3 d6 6. d4 exd4 7. cxd4 Bb4+ 8.
Bd2 Bxd2+ 9. Nbxd2 O-O 10. O-O Bg4 11. Qc2 a6 12. a3 Re8 13. Bd3 Qd7 14.
Rac1 Rac8 15. Rfe1 h6 16. b4 Na7 17. Bc4 Nb5 18. Ra1 c5 19. e5 Nh5 20. dxc5
dxc5 21. bxc5 Rxc5 22. Bxf7+ Qxf7 23. Qxc5 Nf4 24. Qe3 Ne6 25. h3 Bh5 26.
Rab1 Bg6 27. Rb2 Nf4 28. Ne4 Nd5 29. Qb3 Bxe4 30. Rxe4 Ndc3 31. Qxf7+ Kxf7
32. Reb4 Nd5 33. Rxb5 axb5 34. Rxb5 Nc3 35. Rxb7+ Re7 36. Rxe7+ Kxe7 37. Kf1
Ke6 38. Ke1 Kd5 39. h4 Ke6 40. g4 g6 41. Kf1 h5 42. gxh5 gxh5 43. Ke1 Kf5
44. Kd2 Nb1+ 45. Kd3 Nxa3 46. Kd4 Nb5+ 47. Kd5 Nc3+ 48. Kd6 Ne4+ 49. Kd5
Nc3+ 50. Kd4 Nb5+ 51. Ke3 Nc7 52. Kd4 Nb5+ 53. Kd5 Nc3+ 54. Kd6 Ne4+ 55. Ke7
Kg4 56. Ng5 Nc5 57. Kd6 Nb7+ 58. Kc6 Nd8+ 59. Kd7 Nb7 60. e6 Nc5+ 61. Kd6
Nxe6 62. Nxe6 Kxh4 63. Ng7 Kg4 64. Nxh5 Kf3 65. Ng3 Kxf2
{Game drawn because neither player has mating material}
1/2-1/2

[Event "ICC tourney 2092 (45 10)"]
[Site "Internet Chess Club"]
[Date "2020.10.31"]
[Round "1"]
[White "landonp"]
[Black "peekaboopenguin"]
[Result "1-0"]
[ICCResult "Black checkmated"]
[WhiteElo "1374"]
[BlackElo "1664"]
[Opening "Sicilian: Kan variation"]
[ECO "B41"]
[NIC "SI.41"]
[Time "11:03:39"]
[TimeControl "2700+10"]

1. e4 c5 2. Nf3 e6 3. d4 cxd4 4. Nxd4 a6 5. Be2 Qc7 6. O-O Nf6 7. Nc3 Bb4 8.
Qd3 Bxc3 9. bxc3 O-O 10. Be3 d6 11. Rfd1 Rd8 12. f3 Nc6 13. Nxc6 Qxc6 14. e5
Ne8 15. Rab1 d5 16. c4 f6 17. f4 fxe5 18. fxe5 Rb8 19. Bf3 Qd7 20. cxd5 Qe7
21. d6 Qd7 22. Bb6 h6 23. Bxd8 Qxd8 24. Qg6 Bd7 25. Be4 Nf6 26. exf6 Qxf6
27. Qh7+ Kf7 28. Rf1 Qxf1+ 29. Rxf1+ Ke8 30. Qg8# {Black checkmated} 1-0

[Event "ICC tourney 2092 (45 10)"]
[Site "Internet Chess Club"]
[Date "2020.10.31"]
[Round "1"]
[White "Telos53"]
[Black "virajphadke"]
[Result "1-0"]
[ICCResult "Black checkmated"]
[WhiteElo "1826"]
[BlackElo "1592"]
[Opening "King's Indian: fianchetto without c4"]
[ECO "A49"]
[NIC "QP.06"]
[Time "11:03:44"]
[TimeControl "2700+10"]

1. d4 Nf6 2. Nf3 g6 3. g3 d5 4. Bg2 Bg7 5. O-O O-O 6. b3 c5 7. Bb2 cxd4 8.
Nxd4 e5 9. Nf3 e4 10. Ne1 Nc6 11. e3 Re8 12. Nd2 Qb6 13. h3 Be6 14. Rc1 Rad8
15. Qe2 d4 16. exd4 Nxd4 17. Qe3 Qd6 18. Nxe4 Nxe4 19. Bxd4 Qxd4 20. Qxe4
Qxe4 21. Bxe4 Bxh3 22. Bg2 Bxg2 23. Kxg2 Bh6 24. f4 Re2+ 25. Rf2 Rdd2 26.
Rxe2 Rxe2+ 27. Kf3 Rh2 28. Ng2 Rh5 29. c4 Bf8 30. Ne3 a5 31. a4 Bc5 32. Rd1
b6 33. Rd8+ Kg7 34. Ng4 Rh1 35. Ne5 Rb1 36. Rd3 h5 37. Ke4 Re1+ 38. Kd5 Re3
39. Kc6 Rxd3 40. Nxd3 Bg1 41. c5 bxc5 42. Nxc5 Bf2 43. Ne4 Be1 44. Kb5 Kf8
45. Kc4 Ke7 46. Nc3 Bxg3 47. b4 axb4 48. Kxb4 Bxf4 49. Nd5+ Kd6 50. Nxf4 h4
51. Kb5 Kc7 52. a5 g5 53. Nd5+ Kb8 54. Kb6 h3 55. a6 h2 56. a7+ Kc8 57.
a8=Q+ Kd7 58. Qc6+ Kd8 59. Qd6+ Ke8 60. Nf6# {Black checkmated} 1-0

[Event "ICC tourney 2092 (45 10)"]
[Site "Internet Chess Club"]
[Date "2020.10.31"]
[Round "1"]
[White "maxwellmassiah"]
[Black "mikoyansuren"]
[Result "0-1"]
[ICCResult "White checkmated"]
[WhiteElo "1632"]
[BlackElo "1954"]
[Opening "Queen's pawn, Mason variation"]
[ECO "D00"]
[NIC "QP.08"]
[Time "11:08:06"]
[TimeControl "2700+10"]

1. d4 d5 2. Bf4 Bf5 3. c4 Nf6 4. e3 e6 5. Qb3 b6 6. Nf3 Bd6 7. Bg5 Be7 8.
Nc3 c6 9. Ne5 O-O 10. Be2 h6 11. Bf4 Bd6 12. O-O Qc7 13. Bg3 Nbd7 14. f4 Ne4
15. Nxe4 Bxe4 16. Rac1 Qb7 17. c5 Be7 18. Rc3 Nxe5 19. fxe5 Rfb8 20. Rfc1
bxc5 21. dxc5 Qxb3 22. Rxb3 Rxb3 23. axb3 Rb8 24. Bd1 Rb5 25. Rc3 Rxc5 26.
b4 Rxc3 27. bxc3 a6 28. Ba4 c5 29. b5 axb5 30. Bxb5 c4 31. Be1 f6 32. Bh4
Bc5 33. exf6 Bxe3+ 34. Kf1 Bd3+ 35. Ke1 g5 36. Bg3 Kf7 37. Be5 Bf4 38. Bd4
e5 39. Bg1 Kxf6 40. Kd1 g4 41. g3 Bg5 42. Bd7 h5 43. Bb6 Bf5 44. Be8 Ke7 45.
Bxh5 d4 46. Bc5+ Ke6 47. Bb4 Be7 48. Ba5 d3 49. Be8 e4 50. Bc7 Bc5 51. Bf4
e3 52. Ba4 Be4 53. Kc1 e2 54. Bd2 Be3 55. Kb2 Bxd2 56. h4 e1=Q 57. Bd7+ Kxd7
58. h5 Qc1+ 59. Ka2 Qc2+ 60. Ka3 Bc1+ 61. Kb4 Qb3+ 62. Kc5 Ba3+ 63. Kd4 d2
64. h6 d1=Q+ 65. Kxe4 Qbc2+ 66. Kf4 Qf2+ 67. Kg5 Qd5+ 68. Kg6 Qdf7+ 69. Kg5
Q2f5+ 70. Kh4 Q7h5# {White checkmated} 0-1

[Event "ICC tourney 2092 (45 10)"]
[Site "Internet Chess Club"]
[Date "2020.10.31"]
[Round "1"]
[White "wahoo"]
[Black "messyblaster"]
[Result "1/2-1/2"]
[ICCResult "Game drawn because neither player has mating material"]
[WhiteElo "1758"]
[BlackElo "1564"]
[Opening "Scandinavian: Pytel-Wade variation"]
[ECO "B01"]
[NIC "SD.02"]
[Time "11:03:36"]
[TimeControl "2700+10"]

1. e4 d5 2. exd5 Qxd5 3. Nc3 Qd6 4. Bc4 Nf6 5. Nf3 c6 6. d3 Be6 7. Bxe6
Qxe6+ 8. Ne2 g6 9. b3 Bg7 10. Bb2 O-O 11. O-O Qc8 12. Re1 Nbd7 13. Nf4 e6
14. h3 Re8 15. c4 Qc7 16. Ne2 Rad8 17. Qc2 Nc5 18. Rad1 b6 19. Ng3 Nfd7 20.
Bxg7 Kxg7 21. Qb2+ Kg8 22. d4 Nb7 23. Ne4 Nd6 24. Nxd6 Qxd6 25. Qd2 Nf6 26.
Ne5 c5 27. Qf4 Kg7 28. d5 exd5 29. cxd5 Rd7 30. Qg3 Rde7 31. f4 Nh5 32. Qc3
f6 33. Nc6 Rxe1+ 34. Rxe1 Rxe1+ 35. Qxe1 Nxf4 36. Nxa7 Nxd5 37. Nb5 Qe5 38.
Qxe5 fxe5 39. Kf2 Kf6 40. Kf3 h5 41. Nd6 Nc3 42. a4 Ke6 43. Nc4 b5 44. Nb2
bxa4 45. bxa4 Kd5 46. Ke3 c4 47. a5 Nb5 48. Nxc4 Kxc4 49. Ke4 Kb4 50. Kxe5
Kxa5 51. Kf6 Nc3 52. Kxg6 Ne2 53. Kg5 Kb6 54. Kxh5 Nf4+ 55. Kg4 Nxg2 56. Kg3
Ne3 57. Kf3 Nf5 58. Kg4 Ne3+ 59. Kf4 Ng2+ 60. Kf3 Nh4+ 61. Kg4 Ng2 62. Kg3
Ne3 63. Kf4 Ng2+ 64. Kf3 Nh4+ 65. Kg3 Nf5+ 66. Kg4 Ne3+ 67. Kg3 Nf5+ 68. Kf4
Nh4 69. Kg5 Ng2 70. Kg4 Kc6 71. Kg3 Ne3 72. Kh4 Kd6 73. Kg5 Ng2 74. Kg4 Ke6
75. Kf3 Nh4+ 76. Kg4 Nf5 77. h4 Nxh4
{Game drawn because neither player has mating material}
1/2-1/2

[Event "ICC tourney 2092 (45 10)"]
[Site "Internet Chess Club"]
[Date "2020.10.31"]
[Round "2"]
[White "SparkyNinja"]
[Black "rcww2020"]
[Result "1/2-1/2"]
[ICCResult "Game drawn by mutual agreement"]
[WhiteElo "1549"]
[BlackElo "1687"]
[Opening "Sicilian defense"]
[ECO "B44"]
[NIC "SI.39"]
[Time "13:33:15"]
[TimeControl "2700+10"]

1. e4 c5 2. Nf3 e6 3. d4 cxd4 4. Nxd4 Nc6 5. Nxc6 bxc6 6. Bd3 d5 7. O-O Bd6
8. Be3 Qc7 9. h3 Nf6 10. Nc3 O-O 11. exd5 cxd5 12. Nb5 Qd7 13. Nxd6 Qxd6 14.
Re1 Bb7 15. Bd4 Nd7 16. Bxh7+ Kxh7 17. Qh5+ Kg8 18. Bxg7 Kxg7 19. Qg5+ Kh8
20. Qh6+ Kg8 21. Qg5+ Kh8 22. Qh6+ Kg8 23. Qg5+ {Game drawn by mutual
agreement} 1/2-1/2

[Event "ICC tourney 2092 (45 10)"]
[Site "Internet Chess Club"]
[Date "2020.10.31"]
[Round "2"]
[White "wjjones88"]
[Black "LoopyLoop"]
[Result "0-1"]
[ICCResult "White resigns"]
[WhiteElo "1840"]
[BlackElo "1634"]
[Opening "Réti opening"]
[ECO "A05"]
[NIC "QP.11"]
[Time "13:33:09"]
[TimeControl "2700+10"]

1. Nf3 Nf6 2. g3 d5 3. Bg2 g6 4. d3 c5 5. O-O Bg7 6. Nbd2 O-O 7. e4 dxe4 8.
dxe4 Nc6 9. c3 Qc7 10. Qc2 Bd7 11. a4 h6 12. Nc4 Be6 13. Bf4 Qc8 14. Na3 a6
15. Rfe1 Rd8 16. Bf1 Na5 17. Nd2 g5 18. Be5 Nc6 19. Bxf6 Bxf6 20. Nac4 Qc7
21. Rad1 Ne5 22. Nxe5 Bxe5 23. Bc4 Rxd2 24. Rxd2 Bxc4 25. b3 Be6 26. Red1
Bd6 27. f3 Qb6 28. c4 Be5 29. g4 Bd4+ 30. Kg2 Qc7 31. Re2 Qf4 32. Rh1 Bxg4
33. fxg4 Qxg4+ 34. Kf1 Qf3+ {White resigns} 0-1

[Event "ICC tourney 2092 (45 10)"]
[Site "Internet Chess Club"]
[Date "2020.10.31"]
[Round "2"]
[White "poohfur"]
[Black "castle2king"]
[Result "0-1"]
[ICCResult "White resigns"]
[WhiteElo "1697"]
[BlackElo "1581"]
[Opening "Giuoco Piano"]
[ECO "C54"]
[NIC "IG.02"]
[Time "13:33:13"]
[TimeControl "2700+10"]

1. e4 e5 2. Nf3 Nc6 3. Bc4 Bc5 4. c3 Nf6 5. d3 O-O 6. Bb3 d5 7. Qe2 dxe4 8.
dxe4 Bg4 9. h3 Bh5 10. Nbd2 Qe7 11. g4 Bg6 12. Rg1 Qd7 13. Bc2 Rad8 14. g5
Nh5 15. Nc4 Rfe8 16. Be3 Bxe3 17. Nxe3 Nf4 18. Qb5 Bh5 19. Ng4 Nxh3 20. Rg3
Bxg4 21. Rxg4 Qxg4 22. Qe2 Nf4 23. Qf1 Qxf3 {White resigns} 0-1

[Event "ICC tourney 2092 (45 10)"]
[Site "Internet Chess Club"]
[Date "2020.10.31"]
[Round "2"]
[White "mikoyansuren"]
[Black "ybabji"]
[Result "1-0"]
[ICCResult "Black checkmated"]
[WhiteElo "1963"]
[BlackElo "1805"]
[Opening "Torre attack (Tartakower variation)"]
[ECO "D03"]
[NIC "QP.08"]
[Time "13:33:28"]
[TimeControl "2700+10"]

1. d4 d5 2. Nf3 Nf6 3. Bg5 Bf5 4. e3 Nbd7 5. Bd3 Bg6 6. O-O e6 7. c4 Bxd3 8.
Qxd3 dxc4 9. Qxc4 Bd6 10. Nc3 c6 11. e4 Nb6 12. Qd3 Be7 13. Rfd1 h6 14. Bf4
g5 15. Be3 Qd7 16. Ne5 Qc7 17. Rac1 a6 18. d5 Nbxd5 19. exd5 Qxe5 20. dxc6
bxc6 21. Bd4 Qd6 22. Qf3 e5 23. Bxe5 Qxe5 24. Qxc6+ Kf8 25. Qxa8+ Kg7 26.
Qxa6 Ng4 27. g3 Bc5 28. Qe2 Bxf2+ 29. Kg2 Qf5 30. Qf3 Qe6 31. h3 Ne3+ 32.
Kxf2 Nxd1+ 33. Rxd1 Qxh3 34. Ne4 Qh2+ 35. Qg2 Qh5 36. g4 Qg6 37. Rd6 Qh7 38.
Qf3 Rf8 39. Qc3+ f6 40. Rd7+ Rf7 41. Qxf6+ Kg8 42. Rd8+ Rf8 43. Qxf8#
{Black checkmated}
1-0

[Event "ICC tourney 2092 (45 10)"]
[Site "Internet Chess Club"]
[Date "2020.10.31"]
[Round "2"]
[White "danaglin"]
[Black "KyleZhuang"]
[Result "1-0"]
[ICCResult "Black checkmated"]
[WhiteElo "1653"]
[BlackElo "1603"]
[Opening "Sicilian: closed"]
[ECO "B23"]
[NIC "SI.44"]
[Time "13:34:05"]
[TimeControl "2700+10"]

1. e4 c5 2. Nc3 d6 3. f4 Nc6 4. Nf3 Nf6 5. Bc4 Bg4 6. h3 Bxf3 7. Qxf3 e6 8.
d3 Be7 9. O-O a6 10. a4 O-O 11. Qg3 d5 12. Ba2 dxe4 13. dxe4 Nd4 14. Qf2 b5
15. e5 Nd7 16. Be3 Rc8 17. Kh1 Nf5 18. axb5 axb5 19. Nxb5 Bh4 20. Qf3 Ng3+
21. Kh2 Nxf1+ 22. Rxf1 Qa5 23. Nc3 Be7 24. Bb1 f6 25. exf6 Nxf6 26. Ne4 Qc7
27. c3 Qc6 28. Nxf6+ Bxf6 29. Qh5 g6 30. Qg4 Bg7 31. h4 e5 32. f5 Qd7 33.
Ba2+ Kh8 34. Be6 Qd3 35. Rf3 e4 36. Rg3 Be5 37. Bf4 Bxf4 38. Qxf4 Qd8 39.
Qe5+ Qf6 40. Qxf6+ Rxf6 41. Bxc8 gxf5 42. Kg1 f4 43. Rg4 e3 44. Kf1 h5 45.
Rg5 Rd6 46. Rxh5+ Kg7 47. Re5 Rd1+ 48. Ke2 Rd2+ 49. Kf3 Rf2+ 50. Kg4 e2 51.
Ba6 Rxg2+ 52. Kf3 e1=Q 53. Rxe1 Rxb2 54. Kxf4 Rb3 55. Re3 Kf6 56. Bc4 Ra3
57. h5 Kg7 58. Kg5 Ra1 59. h6+ Kh7 60. Re7+ Kh8 61. Re8+ Kh7 62. Bd3#
{Black checkmated}
1-0